 Dungeon Crawl Stone Soup version 0.23.2-1-ga50397a (webtiles) character file.

Game seed: 1855044629223672950

60238 Borgoz the Slicer (level 15, -21/103 HPs)
             Began as a Halfling Gladiator on May 14, 2019.
             Was an Elder of Ashenzari.
             Killed from afar by a fire giant (55 damage)
             ... with a fireball
             ... on level 15 of the Dungeon.
             The game lasted 00:50:28 (16731 turns).

Borgoz the Slicer (Halfling Gladiator)             Turns: 16731, Time: 00:50:29

Health: -21/103    AC: 18    Str: 27    XL:     15   Next: 37%
Magic:  31/31      EV: 27    Int:  9    God:    Ashenzari [****..]
Gold:   993        SH:  0    Dex: 25    Spells: 20/24 levels left

rFire    . . .     SeeInvis +   a - +6 rapier (flame)
rCold    . . .     Gourm    .   (shield restricted)
rNeg     . . .     Faith    .   h - +4 ring mail "Meherue" {rElec rPois}
rPois    +         Spirit   .   j - +0 helmet
rElec    +         Reflect  .   t - +1 cloak
rCorr    .         Harm     .   I - +1 pair of gloves of Wariness {Regen+ MP+9 Str+4 Int+3} (curse)
MR       +....     Clarity  +   (no boots)
Stlth    ++++......             e - amulet of rage (curse)
HPRegen  0.67/turn              p - +5 ring of dexterity
MPRegen  0.22/turn              M - +5 ring of strength

@: no status effects
A: small, mutation resistance 1
a: Curse Item, Scrying, Renounce Religion, Evoke Berserk Rage


You were on level 15 of the Dungeon.
You worshipped Ashenzari.
Ashenzari was greatly pleased with you.
You were not hungry.

You visited 3 branches of the dungeon, and saw 17 of its levels.
You also visited: Ossuary and Bailey.

You collected 1541 gold pieces.
You spent 548 gold pieces at shops.

Inventory:

Hand Weapons
 a - a +6 rapier of flaming (weapon)
 v - a +1 long sword of holy wrath
 w - a +0 scimitar of flaming
 x - the +3 dagger of the Lonely Scars {pierce, Str+4}
   (You found it on level 12 of the Dungeon)

   It inflicts extra damage upon your enemies.
   It affects your strength (+4).
 O - the +11 war axe of Demand {speed, rElec rPois rN+}
   (You found it on level 15 of the Dungeon)

   Attacks with this weapon are significantly faster.
   It insulates you from electricity.
   It protects you from poison.
   It protects you from negative energy.
Missiles
 d - 2 throwing nets (quivered)
Armour
 b - +0 acid dragon scales
 h - the +4 ring mail "Meherue" (worn) {rElec rPois}
   (You bought it in a shop on level 7 of the Dungeon)

   It insulates you from electricity.
   It protects you from poison.
 j - a +0 helmet (worn)
 t - a +1 cloak (worn)
 D - a +0 troll leather armour
 F - a +1 ring mail of fire resistance
 I - the cursed +1 pair of gloves of Wariness (worn) {Regen+ MP+9 Str+4 Int+3}
   (You found it on level 7 of the Dungeon)

   It affects your strength (+4).
   It affects your intelligence (+3).
   It affects your magic capacity (+9).
   It increases your rate of regeneration.
   It has a curse placed upon it.
 N - the +1 pair of boots of Grace {+Fly rC+ Dex+5}
   (You found it on level 15 of the Dungeon)

   It affects your dexterity (+5).
   It protects you from cold.
   It lets you fly.
Jewellery
 e - a cursed amulet of rage (around neck)
 p - a +5 ring of dexterity (left hand)
 z - an uncursed ring of positive energy
 J - a cursed ring of ice
 M - a +5 ring of strength (right hand)
 S - an uncursed ring of protection from magic
Wands
 k - a wand of flame (9)
 s - a wand of polymorph (8)
 u - a wand of clouds (3)
 y - a wand of paralysis (2)
 A - a wand of digging (4)
 H - a wand of random effects (12)
 Q - a wand of disintegration (1)
 R - a wand of iceblast (5)
Scrolls
 c - 4 scrolls of identify
 i - 3 scrolls of fog
 l - 8 scrolls of remove curse
 m - 4 scrolls of enchant armour
 q - 3 scrolls of fear
 r - 3 scrolls of teleportation
 C - a scroll of magic mapping
 K - a scroll of amnesia
Potions
 g - 2 potions of agility
 n - 6 potions of curing
 o - 3 potions of might
 B - a potion of cancellation
 E - 3 potions of berserk rage
 G - 3 potions of haste
Comestibles
 f - 29 rations
 L - 2 chunks of flesh


   Skills:
 * Level 9.9 Fighting
 * Level 12.8 Short Blades
 - Level 5.0 Throwing
 * Level 11.4 Armour
 * Level 12.0 Dodging
 + Level 9.8 Stealth
 - Level 5.0 Spellcasting
 + Level 5.4 Hexes
 + Level 8.2 Evocations


You had 20 spell levels left.
You knew the following spells:

 Your Spells              Type           Power        Failure   Level  Hunger
a - Confusing Touch       Hex            ##....       3%          1    #......
b - Confuse               Hex            ##......     11%         3    ###....

Your spell library contained the following spells:

 Spells                   Type           Power        Failure   Level  Hunger
 Slow                     Hex            ##......     5%          2    ##.....
 Animate Skeleton         Necr           N/A          32%         1    #......
 Apportation              Tloc           #.....       32%         1    #......
 Beastly Appendage        Tmut           #.....       32%         1    #......
 Freeze                   Ice            #...         32%         1    #......
 Magic Dart               Conj           #...         32%         1    #......
 Shock                    Conj/Air       #...         32%         1    #......
 Sting                    Conj/Pois      #...         32%         1    #......
 Summon Small Mammal      Summ           #...         32%         1    #......
 Blink                    Tloc           N/A          45%         2    ##.....
 Call Imp                 Summ           #.......     45%         2    ##.....
 Passwall                 Tmut/Erth      #.......     45%         2    ##.....
 Shroud of Golubria       Chrm/Tloc      #.........   45%         2    ##.....
 Sticks to Snakes         Tmut           #.......     45%         2    ##.....
 Swiftness                Chrm/Air       #.......     45%         2    ##.....
 Conjure Flame            Conj/Fire      #.......     69%         3    ###....
 Gell's Gravitas          Tloc           #.........   69%         3    ###....
 Ignite Poison            Fire/Tmut/Pois #.......     69%         3    ###....
 Lesser Beckoning         Tloc           #.........   69%         3    ###....
 Mephitic Cloud           Conj/Pois/Air  #.......     69%         3    ###....
 Spider Form              Tmut/Pois      #.........   69%         3    ###....
 Static Discharge         Conj/Air       #.......     69%         3    ###....
 Teleport Other           Tloc           #.......     69%         3    ###....
 Airstrike                Air            #.........   97%         4    #####..
 Ice Form                 Ice/Tmut       #.......     97%         4    #####..
 Passage of Golubria      Tloc           N/A          97%         4    #####..
 Petrify                  Tmut/Erth      #.......     97%         4    #####..
 Summon Ice Beast         Ice/Summ       #.......     97%         4    #####..
 Throw Icicle             Conj/Ice       #.......     97%         4    #####..
 Metabolic Englaciation   Hex/Ice        #.........   97%         5    ######.
 Yara's Violent Unravell  Hex/Tmut       #.........   97%         5    ######.
 Darkness                 Hex            ##........   99%         6    #######
 Invisibility             Hex            ##......     99%         6    #######
 Blade Hands              Tmut           #.........   100%        5    ######.
 Lee's Rapid Deconstruct  Erth           #.........   100%        5    ######.
 Lightning Bolt           Conj/Air       #.........   100%        5    ######.
 Venom Bolt               Conj/Pois      #.........   100%        5    ######.
 Deflect Missiles         Chrm/Air       #.........   100%        6    #######
 Freezing Cloud           Conj/Ice/Air   #.........   100%        6    #######
 Simulacrum               Ice/Necr       #.........   100%        6    #######


Dungeon Overview and Level Annotations

Branches:
Dungeon (15/15)            Temple (1/1) D:4            Lair (1/6) D:9
    Orc (0/2) D:11         Vaults (0/5) D:14
 Depths: D:15

Altars:
Ashenzari
Cheibriados
Dithmenos
Elyvilon
Fedhas
Gozag
Hepliaklqana
Kikubaaqudgha
Makhleb
Nemelex Xobeh
Okawaru
Qazlal
Ru
Sif Muna
Trog
Uskayaw
Vehumet
Wu Jian
Xom
Yredelemnul
Zin
The Shining One

Shops:
D:7 *


Innate Abilities, Weirdness & Mutations

You are small and have problems with some larger weapons.
You are somewhat resistant to further mutation.


Message History

You hit the ice beast.
You melt the ice beast.
The ice beast is lightly wounded.
The ice beast hits you but does no damage.
You barely miss the ice beast.
The ice beast is lightly wounded.
You closely miss the ice beast.
The ice beast is lightly wounded.
The ice beast closely misses you.
You puncture the ice beast!
You melt the ice beast.
The ice beast is heavily wounded.
You puncture the ice beast!
You melt the ice beast!
You kill the ice beast!
The fire giant gestures at you while chanting.
The fireball explodes!
The fireball engulfs you!!!
* * * LOW HITPOINT WARNING * * *
You feel better.
The fire giant gestures at you while chanting.
The fireball explodes!
The fireball engulfs you!!!
Ouch! That really hurt!
You die...

, * , *#≈....##.##*..≈≈ , #≈(.
##...#../≈** * * #≈..##.......:≈
##############≈##...(.).##.(≈**
..)..##≈≈≈§§≈§###+((...## { ≈
.#.#.##§...§§§##.#'...##.{,,
.^#..##≈...#...'#.#'..##{#. ≈
.#.#.##≈...#....'#C#+......
.....##§.##...(.@'#.##..%) , ≈*
.#.#.##≈§......<).+###≈§≈≈≈
#'#+######'#+#)....##≈##### *
)#.#.####.#(###.....≈###########
......#.....(#))....§##........#
...#.#'#..P⌠.)#(.##.§##..<.....#
.#.#..#..P8P.#).#..(≈##.<.<...#
.#...#+#.⌠P...#.#...≈##.......#
......#......##)..).≈##..#..###


You could see a fire giant.

Vanquished Creatures
  Agnes (D:15)
  A sphinx (D:15)
  A fire giant (D:15)
  2 frost giants (D:15)
  Snorg (D:13)
  2 fire dragons (D:12)
  A deep elf high priest (D:15)
  A yaktaur captain (D:15)
  An ice dragon (D:15)
  4 vault guards (D:14)
  4 hydras
  8 centaur warriors
  A death knight (D:14)
  3 tengu warriors (D:14)
  3 two-headed ogres
  Urug (D:13)
  Sonja (D:12)
  A deep elf knight (D:15)
  A deep elf archer (D:13)
  2 unseen horrors
  Pikel (D:6)
  A phantasmal warrior (D:14)
  5 deep elf magi
  An orb spider (shapeshifter) (D:15)
  An orc knight (D:8)
  4 ugly things
  A wolf spider (D:15)
  3 cyclopes
  2 manticores
  2 spiny frogs (Lair:1)
  3 freezing wraiths
  3 komodo dragons
  An efreet (D:15)
  2 kobold demonologists (D:15)
  2 yaktaurs (D:15)
  A redback zombie (D:15)
  A queen bee (shapeshifter) (D:15)
  A meliai (D:15)
  6 trolls
  3 slime creatures
  A harpy skeleton (D:14)
  A centaur simulacrum (D:15)
  6 hippogriffs
  A meliai zombie (D:15)
  Sigmund (D:2)
  4 wyverns
  A redback (D:12)
  A spriggan (D:9)
  2 shadows
  3 wraiths
  8 yaks
  2 basilisks
  9 vampire mosquitoes
  3 hungry ghosts
  2 steam dragons
  A warg (D:11)
  4 acid dragons
  2 water moccasins
  3 sky beasts
  2 ice beasts
  15 orc warriors
  A necrophage (D:8)
  3 phantoms
  An eye of draining (D:12)
  A boggart (D:15)
  A black bear (D:8)
  6 ogres
  20 centaurs
  4 crocodiles
  3 big kobolds
  An elf zombie (Ossuary)
  7 bullfrogs
  2 wyvern skeletons
  4 scorpions
  14 killer bees
  4 howler monkeys
  An electric eel (D:9)
  4 crimson imps
  A bullfrog zombie (D:13)
  A quasit (D:6)
  3 centaur zombies
  4 jellies
  3 hounds
  7 centaur skeletons
  8 orc priests
  13 orc wizards
  4 bullfrog skeletons
  A human zombie (Ossuary)
  3 iguanas
  8 worker ants
  A big kobold zombie (Ossuary)
  2 hound skeletons
  2 mummies (Ossuary)
  A worker ant zombie (D:9)
  Robin (D:3)
  4 gnolls (D:2)
  10 adders
  2 shadow imps (D:10)
  An ooze (D:3)
  4 adder zombies
  2 adder skeletons
  3 worms
  4 dart slugs
  6 leopard geckos
  62 orcs
  A ball python (D:4)
  5 giant cockroaches
  8 goblins
  18 hobgoblins
  6 jackals
  36 kobolds
  4 quokkas
  11 bats
  3 frilled lizards
  7 hobgoblin zombies (Ossuary)
  8 kobold zombies (Ossuary)
  A leopard gecko skeleton (D:5)
  12 orc zombies (Ossuary)
  5 rats
  3 rat zombies (Ossuary)
522 creatures vanquished.

Notes
Turn   | Place    | Note
-------+----------+-------------------------------------------
     0 | D:1      | Borgoz the Halfling Gladiator began the quest for the Orb.
     0 | D:1      | Reached XP level 1. HP: 14/14 MP: 1/1
    42 | D:1      | Reached XP level 2. HP: 17/19 MP: 2/2
   262 | D:1      | Reached XP level 3. HP: 23/24 MP: 3/3
   268 | D:1      | Reached skill level 1 in Armour
   322 | D:1      | Reached skill level 1 in Stealth
  1044 | D:2      | Reached XP level 4. HP: 23/29 MP: 4/4
  1168 | D:2      | Reached skill level 1 in Evocations
  1175 | D:2      | Noticed Sigmund
  1198 | D:2      | Killed Sigmund
  1198 | D:2      | Reached XP level 5. HP: 32/35 MP: 4/6
  1198 | D:2      | Reached XP level 6. HP: 38/41 MP: 4/7
  1914 | D:3      | Noticed a phantom
  1923 | D:3      | Reached XP level 7. HP: 45/45 MP: 8/8
  1990 | D:3      | Noticed Robin
  2004 | D:3      | Killed Robin
  2529 | D:4      | Reached skill level 5 in Short Blades
  2901 | D:4      | Found a staircase to the Ecumenical Temple.
  2910 | D:4      | Reached XP level 8. HP: 31/52 MP: 8/10
  2928 | Temple   | Entered the Ecumenical Temple
  2949 | Temple   | Became a worshipper of Ashenzari the Shackled
  3144 | D:5      | Entered Level 5 of the Dungeon
  3461 | D:5      | Noticed a troll
  3480 | D:5      | Killed a troll
  3480 | D:5      | Reached skill level 5 in Dodging
  4273 | D:6      | Reached * piety under Ashenzari
  5074 | D:6      | Noticed Pikel
  5090 | D:6      | Paralysed by Pikel for 3 turns
  5102 | D:6      | Killed Pikel
  5102 | D:6      | Reached XP level 9. HP: 58/58 MP: 10/12
  5537 | D:7      | Reached skill level 5 in Stealth
  5555 | D:7      | Found Woururax's General Store.
  5596 | D:7      | Found a sand-covered staircase.
  5612 | Ossuary  | Entered an ossuary
  5999 | D:7      | Reached skill level 5 in Armour
  6162 | D:7      | Got the uncursed pair of gloves of Wariness {Regen+ MP+9
                  | Str+4 Int+3}
  6173 | D:7      | Identified the +1 pair of gloves of Wariness {Regen+ MP+9
                  | Str+4 Int+3} (You found it on level 7 of the Dungeon)
  6491 | D:8      | Found a sparkling altar of Nemelex Xobeh.
  6500 | D:8      | Reached skill level 5 in Throwing
  6518 | D:8      | Reached XP level 10. HP: 53/65 MP: 13/13
  6617 | D:8      | Learned a level 1 spell: Confusing Touch
  6744 | D:8      | Reached skill level 5 in Fighting
  6764 | D:8      | Reached skill level 5 in Evocations
  6967 | D:8      | Reached skill level 1 in Hexes
  7314 | D:8      | Noticed an orc knight
  7346 | D:8      | Killed an orc knight
  7346 | D:8      | Reached skill level 1 in Spellcasting
  7363 | D:8      | Killed an unseen horror
  7452 | D:8      | Identified the Tome of Intoxication and Ice
  7756 | D:7      | Bought the +4 ring mail "Meherue" {rElec rPois} for 548
                  | gold pieces
  8060 | D:9      | Reached XP level 11. HP: 66/72 MP: 15/15
  8308 | D:9      | Reached ** piety under Ashenzari
  8429 | D:9      | Found a staircase to the Lair.
  8683 | Lair:1   | Entered Level 1 of the Lair of Beasts
  8683 | Lair:1   | Noticed a seven-headed hydra
  8691 | Lair:1   | Killed a seven-headed hydra
  8816 | Lair:1   | Learned a level 3 spell: Confuse
  9723 | D:10     | Entered Level 10 of the Dungeon
 10342 | D:11     | Found a flagged portal.
 10353 | Bailey   | Entered a bailey
 10704 | Bailey   | Reached XP level 12. HP: 48/80 MP: 16/16
 10784 | Bailey   | Identified the Disquisition on Changing and the Glacier
 10980 | D:11     | Noticed a two-headed ogre
 10997 | D:11     | Killed a two-headed ogre
 11019 | D:11     | Found a staircase to the Orcish Mines.
 11046 | D:11     | Reached *** piety under Ashenzari
 11994 | D:13     | Noticed a fire dragon
 11997 | D:12     | Noticed Sonja
 11999 | D:12     | Noticed a fire dragon
 12030 | D:12     | Killed a fire dragon
 12030 | D:12     | Reached skill level 10 in Short Blades
 12127 | D:12     | Killed Sonja
 12304 | D:12     | Identified the +3 dagger of the Lonely Scars {pierce,
                  | Str+4}
 12808 | D:12     | Killed a fire dragon
 12808 | D:12     | Reached XP level 13. HP: 25/88 MP: 18/18
 12985 | D:13     | Identified the Collected Works on Air
 13148 | D:13     | Reached skill level 10 in Dodging
 13174 | D:13     | Noticed a centaur warrior
 13183 | D:13     | Killed a centaur warrior
 13285 | D:13     | Noticed an eight-headed hydra
 13297 | D:13     | Killed an eight-headed hydra
 13465 | D:13     | Noticed Snorg
 13525 | D:13     | Killed Snorg
 13849 | D:13     | Noticed Urug
 13875 | D:13     | Killed Urug
 14452 | D:14     | Found a gate to the Vaults.
 14452 | D:14     | Noticed a vault guard
 14452 | D:14     | Noticed a vault guard
 14452 | D:14     | Noticed a vault guard
 14601 | D:14     | Noticed a vault guard
 14657 | D:14     | Killed a vault guard
 14769 | D:14     | Killed a vault guard
 14807 | D:14     | Killed a vault guard
 14886 | D:14     | Reached skill level 10 in Armour
 15022 | D:14     | Killed a vault guard
 15066 | D:14     | Reached XP level 14. HP: 31/95 MP: 20/20
 15601 | D:15     | Entered Level 15 of the Dungeon
 15616 | D:15     | Reached **** piety under Ashenzari
 15668 | D:15     | Noticed Agnes
 15682 | D:15     | Killed Agnes
 15832 | D:15     | Noticed a frost giant
 15842 | D:15     | Killed a frost giant
 15905 | D:15     | Found a hide-covered altar of Uskayaw.
 15905 | D:15     | Found a shimmering altar of Xom.
 15906 | D:15     | Found a sparkling altar of Nemelex Xobeh.
 15993 | D:15     | Reached skill level 5 in Hexes
 16004 | D:15     | Noticed a frost giant
 16030 | D:15     | Killed a frost giant
 16289 | D:15     | Reached XP level 15. HP: 102/102 MP: 22/22
 16427 | D:15     | Noticed a sphinx
 16555 | D:15     | Noticed a fire giant
 16567 | D:15     | Killed a sphinx
 16578 | D:15     | Killed a fire giant
 16578 | D:15     | Reached skill level 5 in Spellcasting
 16598 | D:15     | Noticed a fire giant
 16607 | D:15     | Got the uncursed pair of boots of Grace {+Fly rC+ Dex+5}
 16689 | D:15     | Got the war axe of Demand {speed, rElec rPois rN+}
 16731 | D:15     | Killed from afar by a fire giant

Skill      XL: |  1  2  3  4  5  6  7  8  9 10 11 12 13 14 15 |
---------------+----------------------------------------------+-----
Fighting       | 2 3 4 5 6 7 8 9 |  9.9
Armour         | 1 2 3 4 5 6 7 9 10 11 | 11.4
Stealth        | 1 2 3 4 5 6 7 8 9 |  9.8
Short Blades   | 4 5 6 8 9 10 11 12 | 12.8
Evocations     | 1 2 4 5 6 7 8 |  8.2
Dodging        | 4 5 6 7 8 9 10 11 12 | 12.0
Throwing       | 3 4 5 |  5.0
Hexes          | 1 2 3 4 5 |  5.4
Spellcasting   | 1 2 3 4 5 |  5.0

Action                   |  1- 3 |  4- 6 |  7- 9 | 10-12 | 13-15 || total
-------------------------+-------+-------+-------+-------+-------++-------
Melee: Rapier            |    91 |   150 |   544 |   940 |   399 ||  2124
       Dagger            |       |       |       |    57 |   371 ||   428
Throw: Throwing net      |       |       |     4 |     4 |     2 ||    10
 Cast: Confusing Touch   |       |       |       |     3 |    40 ||    43
Invok: Curse Item        |       |       |     4 |       |       ||     4
 Abil: Evoke Berserk Rag |       |     3 |     7 |     8 |    10 ||    28
Evoke: Wand              |       |       |       |    31 |     3 ||    34
  Use: Potion            |       |     1 |     2 |     5 |     5 ||    13
       Scroll            |       |     4 |    10 |    13 |     7 ||    34
 Stab: Sleeping          |     1 |     3 |     8 |    11 |    13 ||    36
       Held in net/web   |       |       |     4 |     4 |       ||     8
       Paralysed         |       |       |       |     3 |       ||     3
       Confused          |       |       |       |     3 |    38 ||    41
       Distracted        |       |       |       |     2 |       ||     2
  Eat: Chunk             |       |     5 |    16 |    26 |    28 ||    75
       Ration            |       |       |     2 |       |       ||     2
Armor: Leather armour    |     8 |       |       |       |       ||     8
       Ring mail         |    11 |    46 |     2 |   176 |   153 ||   388
       Skin              |       |       |    24 |       |       ||    24
       Scale mail        |       |       |   127 |    55 |       ||   182
Dodge: Dodged            |    86 |   143 |   387 |   991 |   596 ||  2203
